 Dungeon Crawl Stone Soup version 0.21-a0-621-gc60411f (webtiles) character file.

2997 4thArraOfDagon the Cleaver (level 9, -5/123 (124) HPs)
             Began as a Hill Orc Enchanter on Dec 23, 2017.
             Was an Elder of the Shining One.
             Slain by a two-headed ogre
             ... wielding a +0 giant spiked club
              (8 damage)
             ... on level 11 of the Dungeon.
             The game lasted 00:21:04 (4436 turns).

4thArraOfDagon the Cleaver (Hill Orc Enchanter)     Turns: 4436, Time: 00:21:07

HP:   -5/123 (124)  AC: 24    Str: 11    XL:     9   Next: 84%
MP:   12/12         EV:  2    Int: 18    God:    the Shining One [****..]
Gold: 321           SH:  0    Dex: 11    Spells: 10/11 levels left

rFire    + . .     SeeInvis +   M - +1 war axe
rCold    . . .     Gourm    .   (no shield)
rNeg     + + +     Faith    .   (armour currently unavailable)
rPois    +         Spirit   .   (helmet currently unavailable)
rElec    .         Reflect  .   (cloak currently unavailable)
rCorr    .         Harm     .   (gloves currently unavailable)
MR       +....     NoTele   +   (boots currently unavailable)
Stlth    +.........             B - amulet "Qyecsim" {+Rage +Inv MR+}
HPRegen  0.30/turn              u - ring of see invisible
MPRegen  0.13/turn              q - ring of protection from fire

@: tree-form, glowing
A: no striking features
a: Divine Shield, Cleansing Flame, Renounce Religion, Evoke Berserk Rage, Evoke
Invisibility


You were on level 11 of the Dungeon.
You worshipped the Shining One.
The Shining One was greatly pleased with you.
You were not hungry.
You were a tree.
You visited 1 branch of the dungeon, and saw 10 of its levels.

You collected 321 gold pieces.

Inventory:

Hand Weapons
 a - a +1 dagger
 k - a +1 dagger of speed
 v - a cursed -1 hand axe
 A - a +0 hand axe
 D - a +2 rapier of electrocution
 M - a +1 war axe (weapon)
Missiles
 x - 5 poisoned tomahawks (quivered)
Armour
 b - a +0 robe
 j - a +0 ring mail
 p - a +0 scale mail (melded)
 w - a +0 pair of gloves (melded)
 F - a +2 pair of boots of running (melded)
 H - a +1 hat
Magical Staves
 K - an uncursed staff of fire
Jewellery
 o - a cursed amulet of inaccuracy
 q - a ring of protection from fire (right branch)
 r - an uncursed ring of fire
 u - a ring of see invisible (left branch)
 B - the amulet "Qyecsim" (around neck) {+Rage +Inv MR+}
   (You found it on level 6 of the Dungeon)

   [amulet of rage]

   It affects your resistance to hostile enchantments.
   It lets you turn invisible.
   It lets you go berserk.
Wands
 z - a wand of flame (16)
 J - a wand of enslavement (16)
Scrolls
 e - 2 scrolls of noise
 f - a scroll of teleportation
 i - 4 scrolls of remove curse
 y - a scroll of amnesia
 G - a scroll of fog
Potions
 h - a potion of berserk rage {unknown}
 m - a potion of resistance
 s - 3 potions of curing
 E - 2 potions of flight
Books
 c - a book of Maledictions

   Spells                             Type                      Level
   a - Corona                         Hexes                        1
   b - Ensorcelled Hibernation        Hexes/Ice                    2
   c - Confuse                        Hexes                        3
   d - Tukima's Dance                 Hexes                        3
   e - Dazzling Spray                 Conjuration/Hexes            3
Comestibles
 d - 9 rations
 N - 4 chunks of flesh


   Skills:
 + Level 9.3 Fighting
 - Level 2.0 Short Blades
 * Level 11.2 Axes
 - Level 1.5 Dodging
 - Level 2.4 Stealth
 - Level 1.5 Spellcasting
 - Level 3.0 Hexes
 + Level 3.1 Invocations
 - Level 5.0 Evocations


You had 10 spell levels left.
You knew the following spells:

 Your Spells              Type           Power        Failure   Level  Hunger
a - Corona                Hex            ##.....      5%          1    ##.....


Dungeon Overview and Level Annotations

Branches:
Dungeon (9/15)
 Temple: D:4-7         Lair: D:8-11         Orc: D:9-12

Altars:
Elyvilon
Trog
Wu Jian
The Shining One

Shops:
D:8 %


Message History

The scorpion stings you but does no damage.
Okay, then.
Okay, then.
It was a potion of cancellation.
Your magical effects are unravelling.
You feel magically purged.
You feel yourself slow down. The two-headed ogre barely misses you.
The two-headed ogre hits you with a great mace.
* * * LOW HITPOINT WARNING * * *
The scorpion completely misses you.
Unknown command.
It was a potion of lignification.
You turn into a tree.
Your +0 pair of gloves melds into your body.
Your +2 pair of boots of running melds into your body.
Your +0 scale mail melds into your body.
You feel rather sluggish.
Your roots penetrate the ground.
The scorpion stings you but does no damage.
The two-headed ogre hits you with a giant spiked club!
You die...

#...........# #.# #.#
#...........# #.# #.#
#....><.....# #.# #.#
#...........# #.# #.#
#.#########.# #.# #.#
#. #.# #.# #.# # #.#
#.# #.# #
#.#####.#####.#####.#
#..O♣sF..............
#.#######.######.####
........# #.# #.#
#######.# #.# #.# #.#
#.# #.# #.# #.# #.#
#.# #.# #.. #.# #.#
#... #.Y ... .....


You could see a two-headed ogre, a bullfrog and a scorpion.

Vanquished Creatures
  A troll (D:11)
  Grinder (D:6)
  A hippogriff (D:7)
  3 yaks
  A hungry ghost (D:7)
  2 ice beasts
  A necrophage (D:9)
  3 ogres
  3 centaurs
  3 bullfrogs
  2 water moccasin zombies (D:6)
  2 scorpions
  2 crimson imps
  A centaur zombie (D:8)
  6 hounds
  3 orc priests
  An iguana (D:5)
  5 orc wizards
  A worker ant zombie (D:5)
  5 adders
  A shadow imp (D:8)
  3 oozes
  An adder skeleton (D:4)
  3 worms
  A dart slug (D:5)
  3 leopard geckos
  19 orcs
  3 ball pythons
  5 bats
  6 giant cockroaches
  5 goblins
  5 hobgoblins
  21 jackals
  3 quokkas
  2 frilled lizards (D:3)
  A jackal skeleton (D:5)
  10 kobolds
  A leopard gecko skeleton (D:4)
  A quokka zombie (D:7)
  5 rats
146 creatures vanquished.

Notes
Turn   | Place    | Note
-------+----------+-------------------------------------------
     0 | D:1      | 4thArraOfDagon the Hill Orc Enchanter began the quest for the Orb.
     0 | D:1      | Reached XP level 1. HP: 14/14 MP: 3/3
     2 | D:1      | wow
     2 | D:1      | 3 jackals and a kobold come into view.
     2 | D:1      | turn:2
    31 | D:1      | Reached skill level 1 in Fighting
   144 | D:1      | Reached XP level 2. HP: 3/24 MP: 0/4
   269 | D:1      | Learned a level 2 spell: Ensorcelled Hibernation
   592 | D:2      | Found a faded altar of an unknown god.
   622 | D:2      | Reached XP level 3. HP: 21/30 MP: 2/5
   668 | D:2      | Became a worshipper of the Shining One
   668 | D:2      | Reached * piety under the Shining One
   671 | D:2      | meh
  1102 | D:2      | Reached XP level 4. HP: 38/38 MP: 6/6
  1448 | D:3      | Reached XP level 5. HP: 32/47 MP: 7/7
  1501 | D:3      | Reached skill level 5 in Fighting
  1912 | D:4      | Noticed an ogre
  2065 | D:3      | Reached ** piety under the Shining One
  2130 | D:4      | Reached skill level 1 in Axes
  2378 | D:5      | Entered Level 5 of the Dungeon
  2386 | D:5      | Found an ornate altar of the Wu Jian Council.
  2406 | D:5      | Reached skill level 3 in Axes
  2406 | D:5      | Reached XP level 6. HP: 47/57 MP: 5/8
  2563 | D:6      | Reached skill level 4 in Axes
  2572 | D:6      | Got a heavily runed graven amulet
  2582 | D:6      | Identified the amulet "Qyecsim" {+Rage +Inv MR+} (You found it on level 6 of the Dungeon)
  2602 | D:6      | Reached XP level 7. HP: 35/64 MP: 6/9
  2606 | D:6      | Reached skill level 5 in Axes
  2606 | D:6      | Reached skill level 1 in Evocations
  2776 | D:5      | Reached skill level 6 in Axes
  3035 | D:5      | Reached XP level 8. HP: 73/73 MP: 10/10
  3064 | D:5      | Reached skill level 7 in Axes
  3164 | D:5      | Identified a +0 pair of boots of running (You found it on level 5 of the Dungeon)
  3286 | D:6      | Noticed Grinder
  3303 | D:6      | Killed Grinder
  3329 | D:5      | Found a bloodstained altar of Trog.
  3329 | D:5      | Found a white marble altar of Elyvilon.
  3395 | D:7      | Reached *** piety under the Shining One
  3395 | D:7      | Reached skill level 8 in Axes
  3421 | D:7      | Noticed a yak
  3421 | D:7      | Noticed a yak
  3421 | D:7      | Noticed a yak
  3456 | D:6      | Killed a yak
  3659 | D:7      | Noticed a hippogriff
  3672 | D:7      | Reached skill level 9 in Axes
  3674 | D:7      | Killed a yak
  3674 | D:7      | Reached XP level 9. HP: 79/82 MP: 7/12
  3679 | D:7      | Reached skill level 10 in Axes
  3788 | D:8      | Found Kusac's Food Emporium.
  4243 | D:9      | Reached skill level 1 in Invocations
  4243 | D:9      | Reached skill level 5 in Evocations
  4269 | D:9      | You fall through a shaft for 2 floors!
  4269 | D:11     | Noticed a green ugly thing
  4269 | D:11     | Noticed a two-headed ogre
  4288 | D:11     | Noticed a troll
  4307 | D:11     | Killed a troll
  4307 | D:11     | Reached skill level 11 in Axes
  4410 | D:11     | Reached **** piety under the Shining One
  4432 | D:11     | HP: 3/82 [two-headed ogre/giant spiked club (10)]
  4436 | D:11     | Slain by a two-headed ogre

Vault maps used:
D:1:      minmay_arrival_glassed_features, st_stairs_9, minivault_26,
          minmay_pentomino_t4
D:2:      chequers_ecumenical_altar_simple_redux, minmay_misc_feat_cross
D:3:      minmay_quantized
D:4:      grunt_temple_overflow_open, minmay_temple_entry_nine_rooms,
          first_ration
D:5:      lemuel_crystal_altar, nicolae_overflow_hidden_temple,
          grunt_ministairs_11
D:6:      uniq_grinder
D:8:      serial_shops, nicolae_shop_crystal
D:9:      slow_altar_1, grunt_lair_entry_orc_guard_hut, basic_altar
D:11:     portal_ice_cave_entry_ice_beasts

Skill      XL: |  1  2  3  4  5  6  7  8  9 |
---------------+----------------------------+-----
Fighting       | 1 2 3 4 6 7 8 9 |  9.3
Short Blades   | 2 |  2.0
Axes           | 3 4 6 9 11 | 11.2
Evocations     | 2 4 5 |  5.0
Invocations    | 3 |  3.1
Dodging        | |  1.5
Stealth        | |  2.4
Spellcasting   | |  1.5
Hexes          | |  3.0

Action                   |  1- 3 |  4- 6 |  7- 9 || total
-------------------------+-------+-------+-------++-------
Melee: Dagger            |   157 |   295 |       ||   452
       Hand axe          |       |    25 |   169 ||   194
       War axe           |       |       |    50 ||    50
Throw: Tomahawk          |       |     2 |       ||     2
 Cast: Corona            |    12 |    13 |       ||    25
       Ensorcelled Hiber |     7 |       |       ||     7
Invok: Divine Shield     |       |       |     1 ||     1
 Abil: Evoke Berserk Rag |       |     1 |    11 ||    12
  Use: Scroll            |     3 |     3 |    12 ||    18
       Potion            |       |     1 |     3 ||     4
 Stab: Sleeping          |     3 |       |       ||     3
  Eat: Chunk             |     2 |     5 |    16 ||    23
       Ration            |       |       |     1 ||     1
Armor: Robe              |    24 |       |       ||    24
       Scale mail        |    16 |    85 |   115 ||   216
       Skin              |       |       |     1 ||     1
Dodge: Dodged            |    98 |    92 |    93 ||   283
Block: Other             |       |       |    10 ||    10

Table legend:
 A = Spawn XP
 B = Non-spawn XP
 C = Spawn XP percentage of total XP
 D = Spawn monster count
 E = Non-spawn monster count
 F = Spawn count percentage of total count
 G = Total turns spent on level
                    A         B        C        D         E        F      G
               +---------+---------+-------+---------+---------+-------+---------
         Total |       0 |    4282 |   0.0 |       0 |     146 |   0.0 |  4436
               +---------+---------+-------+---------+---------+-------+---------
           D:1 |       0 |      43 |   0.0 |       0 |      19 |   0.0 |   688
           D:2 |       0 |      85 |   0.0 |       0 |      21 |   0.0 |   585
           D:3 |       0 |     112 |   0.0 |       0 |      20 |   0.0 |   639
           D:4 |       0 |      61 |   0.0 |       0 |      23 |   0.0 |   466
           D:5 |       0 |     485 |   0.0 |       0 |      15 |   0.0 |   532
           D:6 |       0 |    1125 |   0.0 |       0 |      13 |   0.0 |   497
           D:7 |       0 |    1143 |   0.0 |       0 |      16 |   0.0 |   366
           D:8 |       0 |     186 |   0.0 |       0 |       9 |   0.0 |   438
           D:9 |       0 |     469 |   0.0 |       0 |       5 |   0.0 |    58
          D:11 |       0 |     573 |   0.0 |       0 |       5 |   0.0 |   167
               +---------+---------+-------+---------+---------+-------+---------
